Map: [ESL] Oceanborn

Players

sOs - Winner!

  • Race: Protoss Protoss
  • League: Master
  • Spawn Location: 11:00

GuMiho

  • Race: Terran Terran
  • Spawn Location: 5:00

Event: IEM Katowice 2024

VOD

Have the link to the VOD?

Description

Time

  • Played on: Dec. 6, 2023, 4:46 a.m.
  • Length: 30:03

All games in this series

Show
View Real Time Build Order
Export as new Build Order

sOs Protoss - Winner!

Build Orders: 1 Gate Expand, Phoenix Opening, Blink Stalkers, Carriers, Zealot Archon, Colossus Rush 

Get SALT Encoding   

  12  0:00  Probe  
  13  0:12  Probe  
  14  0:17  Pylon  
  14  0:24  Probe (Chrono Boost)  
  15  0:36  Gateway, Probe (Chrono Boost)  
  16  0:44  Probe (Chrono Boost)  
  16  0:46  Assimilator  
  17  0:51  Probe  
  18  1:03  Probe  
  19  1:18  Nexus  
  19  1:28  Cybernetics Core  
  19  1:31  Probe  
  20  1:37  Assimilator  
  20  1:43  Probe  
  20  1:46  Pylon  
  21  1:55  Probe  
  22  2:01  Stalker (Chrono Boost)  
  22  2:05  Warp Gate  
  22  2:07  Probe  
  25  2:18  Shield Battery  
  25  2:20  Probe (Chrono Boost)  
  26  2:24  Sentry  
  26  2:28  Pylon  
  28  2:30  Probe (Chrono Boost)  
  30  2:38  Probe (Chrono Boost)  
  30  2:40  Probe (Chrono Boost)  
  31  2:44  Probe (Chrono Boost)  
  31  2:47  Stalker  
  31  2:48  Probe  
  35  2:54  Phoenix  
  36  2:59  Twilight Council, Probe (Chrono Boost)  
  36  3:01  Probe (Chrono Boost)  
  37  3:11  Probe (Chrono Boost)  
  37  3:12  Probe (Chrono Boost)  
  39  3:16  Probe (Chrono Boost)  
  40  3:20  Probe  
  40  3:26  Gateway  
  41  3:27  Gateway  
  41  3:29  Probe  
  41  3:32  Probe  
  43  3:39  Blink (Chrono Boost)  
  43  3:47  Probe x2 (Chrono Boost)  
  45  3:49  Robotics Facility  
  45  3:54  Assimilator  
  45  3:58  Assimilator, Probe (Chrono Boost)  
  45  3:59  Probe (Chrono Boost)  
  47  4:04  Probe x2 (Chrono Boost)  
  47  4:07  Stalker  
  51  4:10  Pylon  
  51  4:13  Pylon  
  51  4:16  Probe  
  53  4:17  Probe  
  53  4:24  Pylon  
  53  4:25  Pylon  
  53  4:30  Stalker x2  
  53  4:31  Stalker  
  60  4:38  Observer  
  60  4:43  Robotics Bay  
  57  4:54  Nexus  
  57  4:59  Pylon  
  57  5:00  Probe x2  
  57  5:03  Warp Prism (Chrono Boost)  
  61  5:07  Sentry  
  61  5:10  Pylon  
  63  5:16  Probe x2  
  63  5:17  Shield Battery  
  63  5:20  Observer  
  65  5:25  Charge  
  65  5:28  Probe x2  
  66  5:31  Colossus (Chrono Boost)  
  71  5:38  Extended Thermal Lance  
  71  5:46  Gateway x2  
  71  5:50  Gateway  
  71  5:59  Probe x2  
  71  6:00  Sentry  
  71  6:01  Zealot  
  71  6:02  Zealot  
  79  6:08  Probe  
  80  6:11  Probe x2  
  80  6:13  Colossus (Chrono Boost)  
  88  6:25  Probe x3  
  91  6:26  Forge  
  91  6:28  Templar Archives  
  91  6:37  Gateway, Probe x2  
  93  6:45  Sentry, Zealot x3  
  93  6:46  Zealot  
  103  6:47  Zealot  
  103  6:48  Probe  
  103  6:49  Probe  
  103  6:53  Protoss Ground Weapons Level 1 (Chrono Boost)  
  107  6:59  Colossus (Chrono Boost)  
  113  7:01  Pylon  
  113  7:07  Pylon  
  113  7:22  Nexus  
  112  7:25  High Templar  
  112  7:26  High Templar, Zealot x4  
  112  7:28  Probe  
  112  7:29  Probe x2  
  127  7:32  Archon  
  127  7:39  Pylon  
  127  7:44  Gateway  
  127  7:46  Forge, Immortal (Chrono Boost), Probe x2  
  133  7:57  Probe  
  134  8:02  High Templar x2  
  134  8:03  Zealot  
  140  8:06  Archon  
  140  8:09  Photon Cannon  
  140  8:10  Pylon  
  140  8:11  Pylon  
  140  8:16  Observer, Photon Cannon  
  140  8:19  Gravitic Boosters  
  141  8:28  Probe x3  
  141  8:29  Gateway  
  141  8:30  Zealot x3  
  141  8:31  Gateway, Zealot x2  
  141  8:32  Protoss Ground Armor Level 1 (Chrono Boost)  
  141  8:33  Protoss Ground Weapons Level 2 (Chrono Boost)  
  154  8:34  Gateway, Probe  
  155  8:46  Zealot x3  
  161  8:54  Photon Cannon  
  155  9:06  Immortal, Stalker x2  
  155  9:07  Zealot x2, Stalker x2  
  171  9:12  Pylon  
  171  9:22  Photon Cannon  
  171  9:29  Robotics Facility  
  171  9:30  Nexus, Pylon  
  171  9:31  Pylon  
  171  9:40  Pylon  
  171  9:44  Dark Shrine  
  171  9:45  Stalker x3  
  177  9:47  Zealot  
  177  9:48  Probe  
  177  9:50  Stalker  
  177  9:51  Zealot x4, Pylon  
  190  10:01  Photon Cannon  
  190  10:03  Shield Battery  
  190  10:05  Photon Cannon  
  190  10:06  Shield Battery  
  189  10:08  Observer, Protoss Ground Armor Level 2 (Chrono Boost)  
  189  10:13  Zealot  
  192  10:15  Probe x3  
  192  10:21  Probe  
  195  10:26  Assimilator x2  
  195  10:27  Probe  
  196  10:29  Zealot x2  
  200  10:40  Protoss Ground Weapons Level 3 (Chrono Boost)  
  200  10:47  Shadow Stride  
  200  11:03  Gateway  
  200  11:05  Gateway  
  200  11:06  Pylon  
  200  11:07  Gateway  
  200  11:15  Gateway  
  200  11:21  Photon Cannon  
  200  11:23  Shield Battery  
  200  11:25  Pylon  
  200  11:33  Observer  
  200  11:38  Gravitic Drive  
  200  11:49  Photon Cannon, Shield Battery  
  198  11:58  Stargate  
  198  12:02  Assimilator  
  198  12:04  Assimilator  
  198  12:08  Photon Cannon  
  198  12:10  Protoss Shields Level 1 (Chrono Boost), Photon Cannon  
  198  12:12  Shield Battery  
  198  12:13  Shield Battery  
  198  12:15  Stargate  
  198  12:23  Protoss Air Weapons Level 1 (Chrono Boost)  
  198  12:25  Observer  
  198  12:36  Observer x2  
  200  12:41  Nexus  
  200  12:43  Fleet Beacon  
  198  12:44  Stargate  
  198  12:58  Pylon  
  198  13:00  Photon Cannon  
  198  13:02  Photon Cannon  
  198  13:03  Shield Battery, Protoss Ground Armor Level 3 (Chrono Boost)  
  189  13:21  Warp Prism  
  189  13:23  Disruptor  
  187  13:49  Carrier x3 (Chrono Boost)  
  187  14:03  Photon Cannon  
  187  14:18  Protoss Shields Level 2 (Chrono Boost)  
  187  14:27  Protoss Air Weapons Level 2 (Chrono Boost)  
  187  14:29  Cybernetics Core  
  187  14:37  Carrier (Chrono Boost)  
  187  14:38  Carrier (Chrono Boost)  
  197  14:54  Observer  
  197  15:11  Probe  
  197  15:13  Assimilator  
  198  15:14  Assimilator, Protoss Air Armor Level 1  
  198  15:27  Assimilator  
  198  15:29  Nexus  
  198  15:32  Assimilator  
  198  15:35  Photon Cannon  
  198  15:37  Shield Battery  
  197  16:01  Observer (Chrono Boost)  
  198  16:10  Photon Cannon  
  197  16:13  Shield Battery  
  197  16:15  Photon Cannon  
  197  16:16  Shield Battery  
  197  16:20  Probe  
  191  16:25  Photon Cannon  
  191  16:27  Zealot x4, Shield Battery  
  191  16:32  Probe  
  200  16:33  Pylon  
  190  16:42  Carrier (Chrono Boost)  
  190  16:43  Carrier (Chrono Boost)  
  190  16:46  Protoss Shields Level 3 (Chrono Boost)  
  199  16:47  Probe  
  199  16:53  Carrier (Chrono Boost)  
  200  16:55  Photon Cannon  
  200  16:57  Pylon  
  200  17:01  Unknown  
  200  17:11  Dark Templar x2  
  200  17:22  Dark Templar  
  197  17:35  Photon Cannon  
  197  17:36  Photon Cannon  
  191  17:37  Shield Battery  
  191  17:38  Shield Battery  
  191  17:40  Shield Battery  
  191  17:59  Observer x2 (Chrono Boost)  
  191  18:02  Pylon  
  193  18:11  Photon Cannon  
  193  18:12  Shield Battery  
  193  18:14  Pylon  
  193  18:16  Protoss Air Armor Level 2 (Chrono Boost)  
  193  18:17  Protoss Air Weapons Level 3 (Chrono Boost), Assimilator  
  193  18:21  Assimilator  
  193  18:22  Pylon  
  193  18:28  Nexus  
  193  18:37  Archon  
  193  18:38  High Templar x2  
  193  18:40  Stalker  
  199  18:43  Archon  
  199  18:54  Observer  
  191  19:05  Probe  
  191  19:06  Photon Cannon  
  191  19:07  Dark Templar  
  192  19:11  Stalker x4  
  200  19:20  Observer  
  200  19:21  Probe  
  200  19:22  Photon Cannon  
  200  19:31  Photon Cannon  
  199  19:32  Photon Cannon  
  199  19:34  Shield Battery  
  199  19:36  Shield Battery  
  191  20:08  Tempest  
  196  20:36  Observer  
  196  20:37  Pylon  
  196  20:38  Observer  
  194  20:51  Pylon  
  194  21:00  Zealot x3  
  199  21:23  Stalker  
  195  21:36  Observer  
  177  21:40  Stalker x3  
  177  21:41  Stalker x9  
  195  22:04  Observer  
  195  22:14  Observer x2  
  173  22:19  Stalker x4  
  173  22:20  Zealot x2, Stalker x8  
  198  22:35  Observer  
  197  22:43  Zealot x3  
  197  22:44  Zealot x11  
  177  22:51  Observer  
  137  23:04  Dark Templar x5  
  137  23:05  Dark Templar x6  
  143  23:06  Dark Templar x3  
  143  23:07  Nexus  
  143  23:10  Colossus (Chrono Boost)  
  143  23:12  Colossus (Chrono Boost)  
  165  23:34  Psionic Storm  
  165  23:36  Photon Cannon  
  165  23:41  High Templar x4  
  173  23:49  Archon  
  173  23:51  Archon  
  173  23:54  Observer, High Templar x2  
  177  23:59  Nexus  
  177  24:00  Protoss Air Armor Level 3 (Chrono Boost)  
  177  24:01  High Templar x2  
  177  24:02  Pylon  
  181  24:09  Immortal x2  
  181  24:13  Zealot x5  
  199  24:21  Pylon  
  174  24:34  Zealot x12  
  174  24:35  Zealot x2  
  198  24:45  Nexus  
  194  24:58  Zealot x4  
  199  25:02  Zealot x3  
  187  25:07  Zealot x5  
  126  25:17  Colossus x2 (Chrono Boost)  
  126  25:19  High Templar x4, Stalker  
  126  25:20  Stalker  
  100  25:29  Observer  
  96  25:39  Stalker x4  
  96  25:40  Stalker x4  
  104  25:47  Zealot x2  
  108  25:56  High Templar x4  
  116  26:02  Archon x2  
  116  26:04  Observer  
  116  26:05  Probe  
  116  26:06  Probe x5  
  116  26:09  Pylon  
  122  26:16  Zealot x4, Stalker x4  
  122  26:17  Zealot  
  136  26:21  Dark Templar  
  138  26:28  Archon  
  138  26:29  Archon  
  134  26:33  Zealot  
  134  26:34  Zealot, Stalker x2  
  139  26:40  Zealot x4, Stalker x2  
  139  26:41  Stalker x3  
  119  27:04  Zealot, Stalker x5  
  119  27:05  Zealot x3, High Templar  
  119  27:06  High Templar x3  
  133  27:28  High Templar  
  133  27:29  High Templar x3  
  141  27:30  High Templar x4  
  141  27:31  Stalker x2  
  141  27:35  Archon  
  141  27:36  Archon x3  
  153  27:55  High Templar x3  
  153  27:56  High Templar  
  153  27:57  Dark Templar  
  161  28:01  Observer  
  161  28:02  Archon  
  161  28:03  Archon  
  162  28:06  High Templar x3  
  162  28:07  High Templar x3  
  162  28:08  High Templar x2  
  162  28:10  Archon  
  162  28:11  Archon  
  162  28:12  Archon x2  
  178  28:17  Nexus  
  176  28:34  Observer  
  172  28:49  Probe  
  172  28:50  Probe  
  172  28:54  Observer  
  173  29:05  Tempest x2 (Chrono Boost)  
  173  29:06  Oracle (Chrono Boost)  
  186  29:19  High Templar x5  
  186  29:20  High Templar  
  186  29:23  Archon x3  
Show
View Real Time Build Order
Export as new Build Order

GuMiho Terran 

Build Orders:  

Get SALT Encoding   

  12  0:00  SCV  
  13  0:12  SCV  
  14  0:16  Supply Depot  
  14  0:24  SCV  
  15  0:38  SCV  
  15  0:39  Barracks  
  15  0:42  Refinery  
  16  0:50  SCV  
  16  0:52  Refinery  
  17  1:02  SCV  
  18  1:14  SCV  
  19  1:26  Orbital Command, Reaper  
  19  1:30  Supply Depot  
  20  1:40  Factory  
  20  1:52  SCV  
  21  1:58  Barracks Reactor  
  21  2:04  SCV  
  22  2:15  Command Center  
  22  2:19  SCV  
  23  2:24  Hellion  
  25  2:30  Supply Depot  
  25  2:32  SCV  
  25  2:35  Reaper  
  28  2:37  Reaper  
  28  2:44  SCV  
  29  2:46  Hellion  
  31  2:56  SCV  
  32  2:59  Starport  
  32  3:07  Factory Tech Lab, Marine  
  32  3:08  Marine, SCV  
  35  3:20  SCV  
  35  3:26  Siege Tank  
  39  3:27  Orbital Command  
  39  3:28  Marine  
  39  3:30  Marine  
  36  3:43  SCV, Medivac  
  36  3:45  Marine  
  39  3:48  Marine  
  39  3:53  SCV  
  39  3:55  Barracks, SCV  
  41  3:59  Siege Tank  
  45  4:05  SCV  
  45  4:08  SCV  
  47  4:10  Barracks  
  47  4:12  Marine x2  
  49  4:17  SCV  
  49  4:21  Supply Depot  
  49  4:22  SCV  
  49  4:23  Starport Tech Lab  
  51  4:28  Refinery  
  51  4:29  Marine  
  51  4:30  Marine  
  53  4:38  SCV  
  54  4:40  SCV  
  54  4:42  Siege Tank  
  57  4:47  Marine x2  
  57  4:50  SCV  
  57  4:52  SCV  
  56  4:58  Barracks Tech Lab  
  56  4:59  Engineering Bay  
  54  5:03  Starport Reactor, SCV  
  54  5:04  SCV  
  54  5:06  Stimpack, Marine  
  59  5:15  SCV  
  59  5:16  SCV  
  61  5:23  Marauder, Supply Depot  
  61  5:26  Command Center, Marine  
  62  5:31  SCV  
  62  5:34  Terran Infantry Weapons Level 1  
  62  5:44  Siege Tank, SCV x2  
  62  5:45  Supply Depot  
  62  5:48  Supply Depot  
  69  5:54  Refinery  
  69  5:57  Barracks x2, SCV  
  70  6:05  Marauder x2, SCV  
  70  6:06  Medivac x2  
  77  6:11  Supply Depot  
  77  6:12  SCV  
  77  6:17  Siege Tank, SCV  
  81  6:25  SCV  
  80  6:28  Marauder  
  80  6:29  Marine x2, Marauder, SCV  
  87  6:37  SCV  
  87  6:41  SCV  
  87  6:42  Viking x2  
  87  6:45  Barracks Reactor, Barracks Tech Lab  
  92  6:49  SCV  
  92  6:53  Orbital Command, SCV  
  94  7:01  SCV  
  94  7:02  Missile Turret  
  94  7:04  Missile Turret  
  94  7:05  SCV  
  94  7:06  Missile Turret  
  94  7:07  Marine x2  
  98  7:09  Missile Turret, Marine  
  98  7:10  Marine  
  98  7:12  Marine  
  101  7:16  Orbital Command  
  101  7:18  SCV x2  
  101  7:22  Medivac x2  
  107  7:31  Terran Infantry Armor Level 1, SCV x2  
  107  7:32  Concussive Shells  
  107  7:33  Combat Shield  
  107  7:35  Marauder  
  111  7:43  SCV x2  
  113  7:48  SCV  
  113  7:49  Bunker  
  113  7:51  Marauder  
  116  7:54  Missile Turret  
  116  7:58  Supply Depot  
  116  8:02  Supply Depot, Ghost Academy  
  116  8:10  Viking, Widow Mine x2, Marauder  
  124  8:14  SCV  
  124  8:19  Viking, Supply Depot, SCV x2  
  129  8:22  Supply Depot  
  129  8:23  Supply Depot  
  129  8:25  Marauder  
  129  8:26  Marauder x2  
  134  8:30  Marine x2  
  134  8:32  Marauder  
  134  8:33  Missile Turret  
  138  8:37  Sensor Tower, SCV x3  
  141  8:41  Widow Mine x2  
  141  8:46  Viking  
  147  8:49  Viking  
  147  8:51  Refinery  
  149  8:56  Supply Depot  
  149  9:02  Ghost x2  
  144  9:04  Marine  
  144  9:05  Marauder, Marine  
  144  9:06  Marauder  
  144  9:09  SCV x2, Refinery  
  156  9:11  SCV  
  157  9:18  Viking  
  157  9:19  Viking  
  157  9:22  Marine x2  
  157  9:23  Supply Depot  
  163  9:26  Marauder  
  163  9:27  Marauder  
  167  9:33  Missile Turret  
  167  9:36  Armory  
  167  9:38  Missile Turret  
  167  9:41  Engineering Bay  
  167  9:49  Marauder  
  167  9:51  Ghost  
  171  9:53  Command Center  
  171  10:00  Ghost  
  171  10:01  Supply Depot  
  171  10:02  Ghost  
  175  10:15  Command Center  
  175  10:25  Terran Infantry Weapons Level 2, Command Center  
  174  10:29  Terran Infantry Armor Level 2  
  174  10:34  Factory  
  174  10:41  Missile Turret  
  174  10:52  Viking x2  
  174  10:55  Siege Tank  
  179  10:59  Terran Vehicle Weapons Level 1, Personal Cloaking, Missile Turret  
  179  11:06  Missile Turret  
  179  11:08  Ghost  
  179  11:11  Ghost  
  181  11:15  Orbital Command  
  183  11:25  Ghost  
  183  11:26  Missile Turret  
  185  11:37  Factory Tech Lab  
  185  11:38  Siege Tank  
  188  11:41  Missile Turret  
  188  11:42  Sensor Tower, Missile Turret  
  188  11:45  Orbital Command  
  188  12:02  Planetary Fortress  
  188  12:09  Ghost  
  188  12:10  Siege Tank  
  193  12:19  Sensor Tower  
  193  12:21  Command Center  
  193  12:28  Siege Tank  
  194  12:36  Marine  
  194  12:37  Marauder x2, Marine  
  199  12:39  Missile Turret  
  199  12:41  Refinery x2  
  199  12:43  Missile Turret x2  
  199  12:44  Missile Turret  
  200  12:46  Terran Infantry Weapons Level 3  
  200  12:52  Terran Infantry Armor Level 3  
  198  13:08  Missile Turret  
  198  13:09  Armory  
  198  13:10  Terran Vehicle Weapons Level 2  
  198  13:11  Smart Servos  
  198  13:55  Siege Tank  
  198  14:15  Missile Turret  
  198  14:16  Command Center  
  198  14:19  Missile Turret  
  198  14:20  Sensor Tower  
  198  14:21  Missile Turret x2  
  198  14:26  Planetary Fortress  
  198  14:29  Starport x2  
  198  14:37  Barracks  
  198  14:38  Barracks  
  198  14:39  Barracks  
  198  14:40  Barracks  
  196  15:06  Siege Tank  
  199  15:08  Starport Reactor x2  
  199  15:10  Terran Ship Weapons Level 1, Fusion Core  
  199  15:11  Nuke  
  199  15:14  Refinery  
  199  15:15  Refinery  
  199  15:18  Command Center  
  199  15:21  Command Center  
  199  15:24  Command Center x2  
  199  15:26  Terran Vehicle And Ship Armor Level 1  
  199  15:28  Barracks Tech Lab, Sensor Tower  
  199  15:29  Barracks Reactor x2, Barracks Tech Lab  
  199  15:32  Orbital Command  
  199  15:33  Hi-Sec Auto Tracking, Neosteel Armor  
  197  15:49  Sensor Tower  
  196  16:12  Ghost  
  196  16:14  Advanced Ballistics  
  196  16:25  Viking x2  
  185  16:46  Viking x4  
  179  16:47  Orbital Command x2  
  179  16:48  Orbital Command  
  179  16:55  Viking x2  
  183  17:03  Command Center  
  183  17:05  Terran Ship Weapons Level 2  
  183  17:06  Nuke  
  183  17:09  Ghost Academy  
  183  17:15  Missile Turret x2  
  183  17:20  Widow Mine  
  183  17:22  Widow Mine  
  187  17:26  Caduceus Reactor  
  184  17:30  Ghost x2  
  188  17:38  Ghost  
  188  17:39  Ghost  
  188  17:40  Ghost  
  188  17:51  Nuke  
  188  17:57  Liberator x2  
  188  17:58  Liberator x2  
  200  18:01  Missile Turret  
  200  18:10  Command Center  
  200  18:17  Terran Vehicle And Ship Armor Level 2  
  200  18:18  Missile Turret  
  192  18:38  Ghost x2  
  192  18:40  Viking x2  
  199  18:50  Missile Turret x2  
  199  18:51  Missile Turret  
  197  19:03  Ghost x2  
  197  19:07  Missile Turret  
  198  19:22  Nuke x2  
  198  19:23  Terran Ship Weapons Level 3  
  196  19:55  Sensor Tower  
  188  20:10  Planetary Fortress  
  188  20:14  Ghost  
  188  20:15  Ghost  
  188  20:18  Viking x4  
  200  20:23  Starport  
  200  20:24  Starport x2  
  200  20:33  Terran Vehicle Weapons Level 3  
  200  20:36  Missile Turret  
  200  20:37  Missile Turret x2  
  200  20:38  Missile Turret  
  200  20:39  Missile Turret  
  200  20:40  Missile Turret  
  200  20:46  Viking x2  
  200  20:48  Viking  
  200  21:09  Viking  
  200  21:14  Missile Turret  
  200  21:17  Missile Turret x2  
  200  21:18  Siege Tank  
  200  21:19  Missile Turret  
  200  21:22  Siege Tank  
  190  21:37  Ghost  
  173  21:40  Viking x3  
  170  21:48  Viking x3  
  170  21:49  Starport Reactor x3  
  170  21:50  Siege Tank  
  170  21:54  Siege Tank  
  177  22:06  Marine x11  
  188  22:10  Viking  
  165  22:20  Viking x3  
  165  22:21  Viking  
  165  22:22  Viking, Siege Tank  
  172  22:24  Marine x8  
  172  22:25  Marauder x3  
  172  22:26  Siege Tank  
  177  22:41  Marine  
  177  22:42  Marine x2  
  177  22:43  Marauder, Marine x2  
  177  22:44  Marauder  
  164  22:46  Marauder x3  
  164  22:50  Marine  
  151  22:54  Siege Tank  
  151  22:58  Siege Tank  
  147  22:59  Marine x2  
  147  23:00  Marine  
  147  23:01  Marine x2  
  147  23:05  Marauder x2  
  157  23:06  Liberator x2  
  157  23:07  Marauder x3, Marine  
  157  23:11  Liberator  
  169  23:17  Marine x3  
  169  23:19  Marine x2  
  174  23:25  Marine  
  174  23:26  Siege Tank, Marauder x2  
  174  23:27  Liberator x2  
  181  23:28  Marine x2  
  181  23:29  Liberator, Marauder  
  181  23:30  Siege Tank  
  197  23:34  Liberator  
  200  24:04  Missile Turret  
  200  24:06  Missile Turret  
  200  24:07  Missile Turret  
  200  24:16  Orbital Command  
  200  24:23  Liberator  
  195  24:50  Liberator, Ghost  
  198  24:59  Marauder  
  198  25:09  Orbital Command  
  166  25:19  Liberator x2  
  166  25:21  Marauder x2, Marine x3  
  151  25:24  Marauder x2, Marine x2  
  155  25:32  Ghost  
  154  25:38  Marine x2  
  154  25:41  Ghost x2  
  154  25:42  Missile Turret  
  160  25:45  Missile Turret  
  160  25:46  Marauder x2  
  164  25:57  Missile Turret  
  164  26:01  Siege Tank  
  164  26:03  Missile Turret  
  167  26:06  SCV  
  167  26:07  SCV x2  
  167  26:08  SCV  
  167  26:34  Liberator  
  167  26:37  Marauder x2, Marine x3  
  177  26:40  Marauder, Marine x2  
  177  26:42  Marine  
  164  26:55  Marine  
  164  26:58  Marauder  
  164  26:59  Siege Tank  
  161  27:07  Marine  
  161  27:08  Marine x6  
  168  27:13  Marine  
  169  27:19  Marine  
  169  27:21  Refinery  
  160  27:24  Refinery  
  160  27:25  Marine x5  
  160  27:26  Marauder x2  
  165  27:30  Marine  
  153  27:38  Marauder  
  153  27:43  Marine x2  
  155  27:45  Marine  
  157  27:53  Marine  
  158  28:08  Orbital Command, Viking  
  152  28:32  Missile Turret  
  151  28:38  Missile Turret  
  144  28:49  Missile Turret  
  144  28:51  Orbital Command  
  144  28:53  SCV  
  145  29:10  Viking  
  147  29:22  Viking  
  147  29:23  Viking x2  

Tags
 
Add a new tag
Caveats
  • Supply blocks, unpowered buildings, or Contaminate may cause inaccurate times.
  • Supply counts are checked every 10 seconds.